 Dungeon Crawl Stone Soup version 0.18.1-50-g88ac8fd (webtiles) character file.

36911 go0n the Bludgeoner (level 13, -6/88 HPs)
             Began as a Gargoyle Fighter on Sept 28, 2016.
             Was the Champion of Okawaru.
             Mangled by an orc warrior
             ... wielding a +0 hand axe
             ... led by an orc knight
              (16 damage)
             ... on level 1 of the Orcish Mines.
             The game lasted 01:09:00 (22634 turns).

go0n the Bludgeoner (Gargoyle Fighter)             Turns: 22634, Time: 01:09:01

Health: -6/88      AC: 26    Str: 23    XL:     13   Next: 93%
Magic:  15/15      EV: 11    Int: 10    God:    Okawaru [******]
Gold:   1187       SH:  6    Dex: 10    Spells: 1 memorised, 11 levels left

rFire  . . .     SeeInvis .     P - +6 great mace (crush)
rCold  . . .     Gourm    .     I - +2 chain mail {MR+}
rNeg   + . .     Faith    .     (shield currently unavailable)
rPois  ∞         Spirit   .     (helmet restricted)
rElec  +         Dismiss  .     w - +1 cloak
rCorr  .         Reflect  +     m - +0 pair of gloves
SustAt +         Harm     .     i - +0 pair of boots
MR     +....     Clarity  +     D - +6 amulet of reflection
Stlth  ..........               y - ring of sustain attributes
                                v - ring of sustain attributes

@: about to teleport, somewhat resistant to hostile enchantments, extremely
unstealthy
A: horns 1, yellow scales 1, clarity, high mp 2, negative energy resistance 1,
electricity resistance, unbreathing, petrification resistance, rot immunity, AC
+9
a: Heroism, Finesse, Renounce Religion


You were on level 1 of the Orcish Mines.
You worshipped Okawaru.
Okawaru was exalted by your worship.
You were not hungry.

You visited 3 branches of the dungeon, and saw 19 of its levels.
You also visited: Volcano.

You collected 1187 gold pieces.

Inventory:

Hand Weapons
 r - a +2 eveningstar of flaming
 P - a +6 great mace of crushing (weapon)
Armour
 b - a +1 chain mail of poison resistance
 c - a +0 shield
 i - a +0 pair of boots (worn)
 m - a +0 pair of gloves (worn)
 q - a +3 ring mail of fire resistance
 w - a +1 cloak (worn)
 z - a +2 scale mail of cold resistance
 I - a +2 chain mail of magic resistance (worn)
 Q - a troll hide
 T - a +0 plate armour
Jewellery
 v - a ring of sustain attributes (left hand)
 y - a ring of sustain attributes (right hand)
 C - an uncursed ring of wizardry
 D - a +6 amulet of reflection (around neck)
 V - a +5 amulet of reflection
 X - an uncursed ring of magical power
Wands
 a - a wand of lightning (9/15)
 d - a wand of polymorph (7/24)
 t - a wand of digging (1/24)
 F - a wand of paralysis (12/24)
 G - a wand of teleportation (3/9)
 N - a wand of acid (6/15)
 U - a wand of confusion (32/48)
 W - a wand of lightning (2/15)
Scrolls
 e - 2 scrolls of recharging
 h - 5 scrolls of identify
 n - a scroll of magic mapping
 o - a scroll of teleportation
 x - 10 scrolls of remove curse
Potions
 f - 5 potions of curing
 j - a potion of berserk rage
 k - 2 potions of flight
 l - a potion of resistance
 A - 3 potions of cure mutation
 H - 2 potions of brilliance
 K - a potion of magic
Comestibles
 u - 3 bread rations
 E - 4 beef jerkies
 J - 6 meat rations
 M - 13 fruits


   Skills:
 + Level 13.4 Fighting
 * Level 15.5 Maces & Flails
 - Level 3.2 Armour
 + Level 10.2 Dodging
 - Level 3.2 Shields


You had 11 spell levels left.
You knew the following spells:

 Your Spells              Type           Power        Failure   Level  Hunger
a - Sting                 Conj/Pois      #...         100%        1    ##.....


Dungeon Overview and Level Annotations

Branches:
Dungeon (12/15)            Temple (0/1) D:7            Lair (5/8) D:9
  Swamp (0/4) Lair:5          Orc (2/2) D:11
  Snake: Lair:3-6    Spider: Lair:3-6       Elf: Orc:2

Altars:
Cheibriados
Gozag
Okawaru
Pakellas
Qazlal
Ru
Xom
Zin
The Shining One

Shops:
D:9 :(*(%   D:12 (


Innate Abilities, Weirdness & Mutations

You are resistant to torment.
Your stone body is resilient (AC +9).
You are immune to poison.
You resist negative energy.
You are resistant to electric shocks.
You can survive without breathing.
You are immune to petrification.
You are immune to rotting.
You have a pair of small horns on your head.
You are partially covered in yellow scales (AC +2).
You possess an exceptional clarity of mind.
You have a considerably increased reservoir of magic (+20% MP).


Message History

The orc warrior hits you but does no damage.
You bludgeon the orc knight!!
The orc knight is almost dead.
The orc warrior hits you with a mace!!
* * * LOW HITPOINT WARNING * * *
The orc hits you with a flail.
* * * LOW HITPOINT WARNING * * *
The orc hits you but does no damage. The orc misses you.
The orc hits you but does no damage. The orc barely misses you.
Read which item? (? for menu, Esc to quit)
As you read the scroll of teleportation, it crumbles to dust.
You feel strangely unstable.
The orc knight roars a battlecry!
The orcs go into a battle-frenzy!
You block the orc knight's attack. The orc warrior completely misses you.
The orc warrior closely misses you. The orc hits you but does no damage. x3
The orc barely misses you. The orc hits you but does no damage.
You fail to use your ability.
The orc warrior hits you with a hand axe!
You die...

##### #### ##.#.####..## ###
#.....##....###.## #####
##.#..###..#.....#######.##.
###......#..........##.#......
####..........................#..
.#.............................#.
..............>ooo...............
.#...##.#.#.#()o@o..#.........##.
##...#...##.#(.ooo..............#
##.###.##.......................
##.#######......................
#...# #...................#..
#...# ####.................####
##.## ##.####.........#..#.## #
### #...#.......#..##....##
##....................#


You could see an orc knight, 2 orc warriors and 5 orcs.

Vanquished Creatures
  An orc warlord (D:11)
  5 hydras
  Sonja (D:11)
  An unseen horror (D:10)
  3 ugly things
  An orc knight (D:11)
  An orc sorcerer (D:11)
  5 elephants (Lair:5)
  2 cyclopes
  2 black mambas
  A gargoyle (D:11)
  A kobold demonologist (D:12)
  10 spiny frogs
  5 komodo dragons
  5 trolls
  3 two-headed ogres
  20 blink frogs
  A flying skull (Volcano)
  A vampire (Volcano)
  2 wraiths
  3 wyverns
  3 basilisks (Lair:1)
  A steam dragon (D:10)
  12 yaks
  A human (D:9)
  2 hungry ghosts
  5 hippogriffs
  3 mottled dragons
  Duvessa (D:7)
  A soldier ant (D:12)
  6 water moccasins
  11 porcupines
  2 hell hounds (Lair:4)
  A black bear (D:6)
  8 orc warriors
  A swamp drake (Lair:5)
  2 ice beasts
  3 sky beasts
  2 necrophages
  3 eyes of draining
  A phantom (D:9)
  A wasp (D:10)
  2 ogres
  8 wolves (Lair:2)
  6 centaurs
  4 big kobolds
  5 crocodiles
  A gnoll sergeant (D:9)
  16 giant frogs
  2 water moccasin skeletons
  Dowan (D:7)
  17 killer bees
  2 scorpions
  3 wights (D:9)
  4 electric eels (D:11)
  2 howler monkeys
  3 crimson imps
  A giant frog zombie (D:5)
  3 centaur skeletons
  10 hounds
  10 orc priests
  19 orc wizards
  Crazy Yiuf (D:2)
  A giant frog skeleton (D:9)
  7 worker ants
  7 iguanas
  A killer bee zombie (D:7)
  19 sheep
  2 mummies (Volcano)
  2 worker ant zombies
  14 gnolls
  20 adders
  32 river rats
  2 shadow imps
  An ooze (D:6)
  An adder zombie (D:6)
  An adder skeleton (D:4)
  A worm (D:3)
  3 dart slugs
  8 giant geckos
  69 orcs
  5 bats
  6 giant cockroaches
  9 goblins
  8 hobgoblins
  12 jackals
  24 kobolds
  5 quokkas
  A ball python (D:2)
  A giant gecko skeleton (D:5)
  10 giant newts
  A jackal zombie (D:7)
  2 quokka zombies (D:7)
  7 rats
  3 fungi
549 creatures vanquished.

Vanquished Creatures (others)
  A centaur (D:8)
  2 kobolds (D:11)
  3 fungi
  11 plants (Lair:1)
17 creatures vanquished.

Grand Total: 566 creatures vanquished

Notes
Turn   | Place    | Note
--------------------------------------------------------------
     0 | D:1      | go0n the Gargoyle Fighter began the quest for the Orb.
     0 | D:1      | Reached XP level 1. HP: 14/14 MP: 1/1
   175 | D:1      | Reached XP level 2. HP: 19/19 MP: 2/2
   386 | D:1      | Reached skill level 1 in Dodging
   633 | D:1      | Reached XP level 3. HP: 24/24 MP: 3/3
  1074 | D:2      | Reached XP level 4. HP: 23/29 MP: 4/4
  1252 | D:2      | Reached XP level 5. HP: 31/33 MP: 5/5
  1428 | D:2      | Noticed Crazy Yiuf
  1473 | D:2      | Gained mutation: You have an increased reservoir of magic (+10% MP). [potion of mutation]
  1473 | D:2      | Gained mutation: You have a considerably increased reservoir of magic (+20% MP). [potion of mutation]
  1473 | D:2      | Gained mutation: You have a pair of small horns on your head. [potion of mutation]
  1478 | D:2      | Killed Crazy Yiuf
  1478 | D:2      | Reached skill level 3 in Maces & Flails
  2517 | D:3      | Reached XP level 6. HP: 39/39 MP: 7/7
  3285 | D:3      | Found a snail-covered altar of Cheibriados.
  3672 | D:4      | Reached skill level 5 in Fighting
  3706 | D:4      | Reached XP level 7. HP: 35/44 MP: 8/8
  3834 | D:4      | Found a shimmering altar of Xom.
  3834 | D:4      | Found an opulent altar of Gozag.
  3835 | D:4      | Found an iron altar of Okawaru.
  3856 | D:4      | Became a worshipper of Warmaster Okawaru
  4132 | D:4      | Reached skill level 4 in Maces & Flails
  4487 | D:5      | Entered Level 5 of the Dungeon
  4678 | D:5      | Found an oddly glowing altar of Pakellas.
  4722 | D:5      | Found a glowing silver altar of Zin.
  5040 | D:5      | Reached * piety under Okawaru
  5040 | D:5      | Reached skill level 5 in Dodging
  5040 | D:5      | Reached XP level 8. HP: 51/51 MP: 9/9
  5098 | D:5      | Identified the Compendium of Enthralling Conjuration
  5606 | D:6      | Reached skill level 5 in Maces & Flails
  5978 | D:6      | Gained mutation: You are partially covered in yellow scales (AC +2). [mutagenic meat]
  5979 | D:6      | Gained mutation: You possess an exceptional clarity of mind. [mutagenic meat]
  6350 | D:6      | Found a glowing golden altar of the Shining One.
  6477 | D:7      | Reached ** piety under Okawaru
  6633 | D:7      | Noticed Duvessa
  6634 | D:7      | Noticed Dowan
  6640 | D:7      | Killed Dowan
  6640 | D:7      | Reached XP level 9. HP: 56/56 MP: 10/10
  6652 | D:7      | Killed Duvessa
  6984 | D:7      | Found a staircase to the Ecumenical Temple.
  6994 | D:7      | Reached skill level 6 in Maces & Flails
  7688 | D:8      | Reached *** piety under Okawaru
  7875 | D:8      | Noticed a troll
  7882 | D:8      | Reached skill level 7 in Maces & Flails
  7887 | D:8      | Found a sacrificial altar of Ru.
  7904 | D:8      | Killed a troll
  7904 | D:8      | Reached XP level 10. HP: 61/64 MP: 12/12
  8163 | D:8      | Found a stormy altar of Qazlal.
  8339 | D:8      | Reached skill level 8 in Maces & Flails
  8566 | D:9      | Found Qiroshras's Assorted Antiques.
  8571 | D:9      | Found Vurgha's Antique Weapon Shoppe.
  8955 | D:9      | Found Doili's Book Shop.
  8966 | D:9      | Reached **** piety under Okawaru
  9089 | D:9      | Found a staircase to the Lair.
  9223 | D:9      | Reached skill level 9 in Maces & Flails
  9822 | D:9      | Found Xyheocuo's Weapon Emporium.
  9834 | D:9      | Found Yrhenuel's Food Shop.
 10313 | Lair:1   | Entered Level 1 of the Lair of Beasts
 10571 | D:9      | HP: 3/66 [blink frog (10)]
 10616 | D:9      | Reached skill level 10 in Maces & Flails
 10634 | D:9      | Reached ***** piety under Okawaru
 10986 | Lair:1   | Reached XP level 11. HP: 52/72 MP: 13/13
 11054 | Lair:1   | Reached skill level 10 in Fighting
 11231 | Lair:1   | Reached skill level 11 in Maces & Flails
 11864 | Lair:1   | Received a gift from Okawaru
 12437 | Lair:1   | Reached skill level 12 in Maces & Flails
 13275 | Lair:2   | Reached XP level 12. HP: 80/80 MP: 14/14
 13443 | Lair:2   | Noticed an eight-headed hydra
 13454 | Lair:2   | Killed an eight-headed hydra
 13454 | Lair:2   | Reached ****** piety under Okawaru
 13454 | Lair:2   | Received a gift from Okawaru
 13459 | Lair:2   | Got a dazzling shortbow {god gift}
 13657 | Lair:2   | Identified the +6 shortbow of Suicidal Tendencies {freeze, rPois Str+3 Stlth+} (Okawaru gifted it to you on level 2 of the Lair of Beasts)
 14145 | Lair:3   | Reached skill level 13 in Maces & Flails
 14387 | Lair:3   | Learned a level 1 spell: Sting
 15245 | Lair:4   | Noticed a five-headed hydra
 15258 | Lair:4   | Killed a five-headed hydra
 15589 | Lair:4   | Found a dark tunnel.
 15615 | Volcano  | Entered a volcano
 15802 | Volcano  | Received a gift from Okawaru
 16040 | Lair:4   | Noticed an eight-headed hydra
 16048 | Lair:4   | Killed an eight-headed hydra
 16945 | Lair:5   | Reached skill level 14 in Maces & Flails
 16957 | Lair:5   | Reached XP level 13. HP: 21/87 MP: 15/15
 17301 | Lair:5   | Received a gift from Okawaru
 17943 | Lair:5   | Found a staircase to the Swamp.
 18196 | D:10     | Entered Level 10 of the Dungeon
 19807 | D:11     | Found a staircase to the Orcish Mines.
 20092 | D:11     | Noticed Sonja
 20125 | D:11     | Killed Sonja
 20606 | D:11     | Reached skill level 15 in Maces & Flails
 20993 | D:12     | Reached skill level 10 in Dodging
 21617 | D:12     | Found Cueps's Antique Weapon Emporium.
 21892 | Orc:1    | Entered Level 1 of the Orcish Mines
 21892 | Orc:1    | Noticed an orc warlord
 22220 | D:11     | Killed an orc warlord
 22618 | Orc:2    | Entered Level 2 of the Orcish Mines
 22634 | Orc:1    | Mangled by an orc warrior

Skill      XL: |  1  2  3  4  5  6  7  8  9 10 11 12 13 |
---------------+----------------------------------------+-----
Dodging        | 1 2 3 4 5 6 7 8 9 10 | 10.2
Fighting       | 4 5 6 8 9 11 12 13 | 13.4
Maces & Flails | 3 4 5 7 10 12 14 15 | 15.5
Armour         | |  3.2
Shields        | |  3.2

Action                   |  1- 3 |  4- 6 |  7- 9 | 10-12 | 13-15 || total
-------------------------+-------+-------+-------+-------+-------++-------
Melee: Flail             |    64 |       |       |       |       ||    64
       Mace              |    88 |   264 |   501 |   602 |       ||  1455
       Unarmed           |       |    15 |       |       |       ||    15
       Headbutt          |       |    33 |    87 |   190 |    49 ||   359
       Great mace        |       |       |       |   313 |   420 ||   733
       Eveningstar       |       |       |       |    36 |       ||    36
Invok: Heroism           |       |       |       |     2 |     2 ||     4
       Finesse           |       |       |       |       |     2 ||     2
  Use: Potion            |       |     9 |       |     8 |     5 ||    22
       Scroll            |       |     6 |    12 |     5 |     9 ||    32
  Eat: Chunk             |     1 |     1 |     3 |     9 |     3 ||    17
       Bread ration      |       |     1 |     1 |     2 |     2 ||     6
       Meat ration       |       |     1 |     1 |     1 |       ||     3
       Fruit             |       |       |     3 |     1 |       ||     4
       Pizza             |       |       |       |     6 |     5 ||    11
       Beef jerky        |       |       |       |       |     2 ||     2
       Royal jelly       |       |       |       |       |     1 ||     1
Armor: Scale mail        |   115 |    83 |       |       |       ||   198
       Skin              |       |    11 |       |       |       ||    11
       Ring mail         |       |    77 |   262 |   171 |    12 ||   522
       Plate armour      |       |       |       |   456 |       ||   456
       Troll hide        |       |       |       |     3 |       ||     3
       Chain mail        |       |       |       |       |   259 ||   259
Dodge: Dodged            |    63 |   112 |   181 |   452 |   231 ||  1039
Block: Shield            |    90 |   167 |   482 |   576 |       ||  1315
       Reflection        |       |       |    14 |     4 |    12 ||    30
       Other             |       |       |       |   162 |   153 ||   315
